Map: King Sejong Station LE

Players

IIIIIIIIIIII (TeebuL) - Winner!

  • Race: Protoss Protoss
  • League: Master

Miszu

  • Race: Terran Terran
  • League: Grandmaster

VOD

Have the link to the VOD?

Description

Time

  • Played on: May 26, 2016, 7:07 p.m.
  • Length: 15:17
Show
View Real Time Build Order
Export as new Build Order

IIIIIIIIIIII Protoss - Winner!

Build Orders:  

Get SALT Encoding   

  13  0:09  Pylon  
  13  0:13  Probe (Chrono Boost)  
  13  0:27  Gateway  
  13  0:32  Assimilator  
  13  0:37  Probe (Chrono Boost)  
  14  0:47  Probe (Chrono Boost)  
  15  0:58  Probe (Chrono Boost)  
  16  1:09  Probe (Chrono Boost)  
  17  1:13  Cybernetics Core  
  17  1:17  Pylon  
  17  1:20  Probe (Chrono Boost)  
  18  1:31  Probe (Chrono Boost)  
  19  1:50  Mothership Core (Chrono Boost)  
  19  1:51  Adept (Chrono Boost)  
  23  2:00  Warp Gate  
  23  2:06  Nexus  
  23  2:08  Probe (Chrono Boost)  
  24  2:16  Assimilator  
  24  2:21  Adept (Chrono Boost)  
  26  2:24  Probe  
  27  2:36  Probe (Chrono Boost)  
  28  2:48  Probe (Chrono Boost)  
  30  2:58  Probe (Chrono Boost)  
  30  3:09  Probe (Chrono Boost)  
  31  3:19  Probe (Chrono Boost)  
  32  3:23  Pylon  
  32  3:24  Pylon  
  29  3:31  Probe (Chrono Boost)  
  30  3:36  Stargate  
  30  3:43  Probe (Chrono Boost)  
  30  3:45  Probe (Chrono Boost)  
  32  3:53  Probe (Chrono Boost)  
  34  3:55  Probe (Chrono Boost)  
  34  4:04  Probe (Chrono Boost)  
  34  4:06  Probe (Chrono Boost)  
  34  4:10  Pylon  
  34  4:11  Adept  
  34  4:14  Probe (Chrono Boost)  
  34  4:15  Probe (Chrono Boost)  
  38  4:19  Oracle (Chrono Boost), Nexus  
  41  4:25  Probe  
  41  4:26  Probe  
  43  4:38  Gateway, Probe (Chrono Boost)  
  44  4:40  Gateway  
  44  4:41  Adept  
  44  4:42  Probe (Chrono Boost)  
  47  4:50  Probe (Chrono Boost)  
  48  4:54  Pylon, Probe (Chrono Boost)  
  48  4:57  Twilight Council  
  49  5:00  Robotics Facility, Pylon  
  49  5:03  Probe (Chrono Boost)  
  49  5:06  Adept  
  52  5:09  Probe (Chrono Boost)  
  52  5:12  Assimilator  
  52  5:13  Assimilator  
  53  5:15  Probe (Chrono Boost)  
  53  5:19  Probe (Chrono Boost)  
  55  5:25  Probe (Chrono Boost)  
  55  5:30  Probe (Chrono Boost)  
  55  5:32  Probe (Chrono Boost)  
  55  5:34  Blink (Chrono Boost)  
  56  5:36  Probe (Chrono Boost)  
  56  5:40  Probe (Chrono Boost)  
  58  5:44  Probe (Chrono Boost)  
  58  5:45  Sentry  
  58  5:47  Pylon, Probe (Chrono Boost)  
  58  5:48  Observer  
  63  5:51  Sentry, Probe (Chrono Boost)  
  63  5:52  Sentry, Pylon  
  63  5:54  Probe (Chrono Boost)  
  63  5:56  Probe (Chrono Boost)  
  69  6:03  Probe  
  70  6:04  Probe  
  70  6:06  Probe  
  70  6:11  Observer  
  74  6:13  Gateway x2  
  74  6:16  Gateway  
  74  6:17  Gateway  
  74  6:18  Probe  
  74  6:19  Gateway  
  74  6:21  Probe  
  74  6:25  Probe  
  76  6:29  Probe  
  78  6:34  Probe  
  78  6:35  Probe  
  80  6:41  Adept x2  
  80  6:42  Adept  
  80  6:43  Warp Prism  
  80  6:47  Pylon x2  
  88  6:50  Pylon  
  88  6:57  Assimilator  
  88  6:59  Pylon  
  88  7:02  Adept x3  
  94  7:14  Mothership Core  
  92  7:23  Stalker x3  
  98  7:32  Stalker x5  
  96  7:47  Stalker x3  
  96  7:55  Probe  
  96  7:57  Probe  
  94  7:59  Immortal  
  94  8:00  Pylon  
  94  8:01  Pylon  
  94  8:02  Pylon, Resonating Glaives (Chrono Boost)  
  94  8:08  Pylon x2  
  94  8:13  Forge  
  94  8:16  Forge, Pylon  
  94  8:20  Stalker  
  94  8:21  Stalker x2  
  100  8:29  Stalker x4  
  100  8:34  Probe x2  
  102  8:41  Immortal  
  109  8:48  Protoss Ground Weapons Level 1 (Chrono Boost), Assimilator  
  108  8:50  Mothership Core  
  108  8:54  Stalker x6  
  108  8:55  Adept  
  124  8:59  Protoss Ground Armor Level 1 (Chrono Boost)  
  124  9:04  Pylon  
  124  9:07  Photon Cannon  
  124  9:08  Pylon  
  124  9:20  Sentry x2  
  124  9:22  Adept x5  
  126  9:36  Adept  
  112  9:45  Adept x2, Stalker x3  
  118  9:46  Adept x2  
  116  10:09  Stalker x5  
  116  10:10  Stalker x3  
  106  10:32  Adept x3  
  106  10:33  Adept x5  
  122  10:42  Nexus  
  122  10:43  Protoss Ground Armor Level 2 (Chrono Boost)  
  122  10:44  Protoss Ground Weapons Level 2 (Chrono Boost)  
  122  10:57  Adept, Templar Archives  
  122  10:58  Adept x2  
  122  10:59  Sentry x2  
  122  11:11  Stalker x3  
  110  11:27  Stalker  
  110  11:28  Stalker x4  
  101  11:38  Stalker x3  
  92  11:50  Stalker  
  92  11:51  Stalker x4  
  98  12:02  Adept x3  
  98  12:06  Psionic Storm  
  104  12:15  Adept x5  
  114  12:23  Pylon  
  114  12:27  Sentry x3  
  112  12:41  Adept x5  
  120  12:45  Assimilator  
  120  12:46  Assimilator  
  120  13:04  High Templar x3  
  120  13:13  Adept  
  120  13:14  Adept x4  
  120  13:19  Pylon  
  130  13:20  Pylon  
  108  13:47  Stalker x7  
  108  13:48  Stalker  
  122  13:56  Fleet Beacon  
  122  14:20  Stalker x8  
  129  14:42  Archon  
  129  14:45  Adept x8  
  115  15:04  Adept x3  
  121  15:07  High Templar x2  
  121  15:11  Assimilator  
Show
View Real Time Build Order
Export as new Build Order

Miszu Terran 

Build Orders: Reaper Expand, MMM Bio 

Get SALT Encoding   

  12  0:00  SCV  
  13  0:12  SCV  
  14  0:17  Supply Depot  
  14  0:26  SCV  
  15  0:40  Barracks  
  15  0:42  SCV  
  16  0:44  Refinery  
  16  0:56  SCV  
  17  1:13  SCV  
  18  1:27  Orbital Command  
  18  1:28  Reaper  
  19  1:47  Command Center  
  19  1:53  SCV  
  20  1:55  Supply Depot  
  20  2:05  Barracks Reactor, SCV  
  21  2:08  Engineering Bay  
  21  2:17  SCV  
  22  2:24  Barracks  
  22  2:29  SCV  
  23  2:32  Bunker  
  23  2:41  Marine x2  
  23  2:42  SCV  
  26  2:47  Terran Infantry Weapons Level 1  
  26  2:51  Missile Turret  
  26  2:58  Marine  
  26  2:59  Marine  
  26  3:04  SCV  
  27  3:28  SCV  
  28  3:34  Orbital Command  
  28  3:39  Marine  
  28  3:40  Barracks Tech Lab, SCV  
  30  3:44  Marine  
  31  3:57  Reaper  
  32  4:07  Marine, SCV  
  32  4:08  SCV, Stimpack  
  34  4:19  SCV  
  34  4:20  SCV  
  34  4:24  Missile Turret  
  36  4:27  Marine x2  
  38  4:32  SCV x2  
  38  4:35  Factory  
  38  4:37  Refinery  
  39  4:40  Supply Depot  
  39  4:44  SCV x2  
  41  4:49  Marine  
  41  4:50  Marine  
  43  4:54  Marine  
  43  4:56  SCV  
  43  4:58  Barracks  
  45  5:00  SCV  
  45  5:03  Terran Infantry Armor Level 1  
  45  5:05  Supply Depot  
  46  5:08  Marine, SCV  
  46  5:12  SCV  
  46  5:14  Marine  
  49  5:20  Starport, SCV, Factory Reactor  
  51  5:24  SCV  
  51  5:26  Supply Depot  
  52  5:32  Marine x2, Marauder, SCV  
  56  5:36  Refinery, SCV  
  57  5:44  SCV  
  57  5:47  Marine  
  57  5:49  SCV  
  60  5:51  Supply Depot  
  60  5:53  Supply Depot, Marauder  
  61  6:04  Medivac  
  61  6:05  Medivac  
  61  6:07  Marine x2  
  61  6:08  Marine  
  61  6:09  SCV  
  61  6:10  SCV  
  70  6:15  Supply Depot  
  70  6:16  Marauder  
  72  6:21  SCV  
  72  6:23  Combat Shields  
  72  6:25  Marine x2  
  73  6:26  SCV  
  73  6:31  Marine  
  77  6:37  Marine, SCV  
  77  6:38  SCV  
  80  6:40  Supply Depot, Command Center  
  80  6:43  Marine  
  80  6:45  Refinery  
  81  6:48  Armory  
  81  6:49  SCV, Factory Reactor  
  81  6:50  Barracks Tech Lab  
  81  6:51  SCV  
  83  6:56  Supply Depot, Medivac  
  85  7:01  SCV  
  85  7:04  SCV  
  81  7:18  Marauder x2  
  81  7:21  Marine  
  63  7:22  Medivac  
  84  7:25  Supply Depot  
  84  7:26  Medivac  
  88  7:32  Supply Depot  
  85  7:39  Marauder  
  82  7:46  Marine x2, Marauder  
  81  8:01  Marauder, Liberator  
  81  8:04  Marine x2  
  81  8:06  Medivac  
  81  8:07  Terran Infantry Weapons Level 2  
  81  8:08  Marauder  
  81  8:09  Barracks  
  81  8:10  Orbital Command  
  81  8:11  SCV x2  
  81  8:12  Barracks  
  89  8:16  Concussive Shells  
  90  8:22  Marine, Marauder  
  90  8:23  SCV  
  90  8:24  SCV  
  90  8:26  Supply Depot  
  95  8:27  Liberator  
  95  8:29  Marauder  
  93  8:37  Marine  
  93  8:38  Widow Mine x2  
  93  8:41  SCV x3  
  90  8:44  Marauder  
  97  8:48  Supply Depot  
  97  8:49  Bunker  
  97  8:51  Supply Depot, Liberator  
  97  8:53  SCV x2  
  99  8:56  SCV  
  99  8:58  Refinery, Marauder  
  99  8:59  Refinery  
  102  9:03  Missile Turret  
  102  9:05  Barracks Reactor, Barracks Tech Lab, SCV x2  
  103  9:30  Liberator  
  93  9:34  Marauder, Liberator  
  94  9:38  Marine  
  94  9:39  Marine x2, Marauder  
  94  9:42  Widow Mine x2  
  94  9:44  Marine x2  
  94  9:45  Barracks x3  
  111  9:55  Marine  
  111  9:56  Marine x3  
  113  10:00  Marauder  
  113  10:02  Marine x2  
  114  10:09  Orbital Command  
  114  10:13  Marine  
  114  10:14  Marine  
  106  10:15  Marauder  
  106  10:17  Marine  
  106  10:19  Marine  
  106  10:20  Marine  
  102  10:21  Marauder  
  102  10:23  Liberator  
  102  10:24  Liberator  
  104  10:31  Marauder  
  104  10:32  Marine  
  104  10:35  Marine  
  108  10:36  Marauder  
  108  10:37  Marine  
  108  10:39  Marine  
  118  10:43  Marauder  
  118  10:49  Marine  
  120  10:51  Barracks Reactor, Barracks Tech Lab x2  
  120  10:52  Marine  
  120  10:53  Marine  
  120  10:55  Marine  
  122  10:57  Marine  
  122  10:58  Marauder  
  127  11:04  Marauder  
  127  11:06  Liberator  
  127  11:07  Marine  
  127  11:10  Terran Infantry Weapons Level 3, Marine, Marauder  
  127  11:11  Marauder  
  115  11:23  Marine, Marauder  
  115  11:24  Marauder  
  117  11:26  Marauder  
  117  11:32  Marauder x2  
  99  11:38  SCV  
  85  11:42  SCV  
  85  11:45  Marauder x2  
  83  11:47  Marauder  
  83  11:50  Marine x6  
  83  11:53  Marauder, SCV x2  
  83  11:54  Marauder, SCV  
  96  12:05  SCV x2  
  96  12:06  Marine, Marauder  
  96  12:07  Marine  
  96  12:08  Marine x2, SCV  
  109  12:12  Marine  
  112  12:17  Marine x5, SCV  
  112  12:18  SCV  
  119  12:24  Marine  
  119  12:25  Marine, Medivac x2  
  119  12:26  Marine x2  
  119  12:27  Marine  
  117  12:32  Marine  
  112  12:41  Marine  
  111  12:44  Marine  
  111  12:45  Marine x8  
  111  12:50  Marine  
  121  12:53  Supply Depot  
  121  12:55  Supply Depot, Medivac x2  
  125  12:59  Marine  
  125  13:02  Marine x6  
  125  13:03  Marine x3  
  130  13:07  Liberator  
  130  13:08  Marine  
  129  13:17  Marine  
  130  13:20  Marine x8  
  130  13:21  Marauder  
  130  13:26  Marine  
  123  13:35  Marine  
  123  13:36  Liberator  
  123  13:37  Marine  
  123  13:38  Marine x7  
  129  13:42  Marine  
  129  13:43  Marine  
  131  13:52  Marine  
  135  13:55  Marine  
  135  13:56  Marine x6, Marauder  
  135  13:58  Liberator  
  135  14:00  Marine  
  145  14:03  Marine  
  146  14:10  Marine  
  146  14:14  Marine, Marauder  
  146  14:15  Marauder  
  155  14:23  Marine, Marauder  
  101  14:46  Marine, Marauder  
  101  14:47  Marine x4  
  101  14:48  Marauder  
  101  14:51  Marine x3, Marauder  
Tags
 
Add a new tag
Caveats
  • Supply blocks, unpowered buildings, or Contaminate may cause inaccurate times.
  • Supply counts are checked every 10 seconds.